 Dungeon Crawl Stone Soup version 0.31-a0-265-gcf7e37af1d (webtiles) character file.

Game seed: 11560514817607834450

84 qw the Shooter (level 4, -1/26 HPs)
             Began as a Gargoyle Hexslinger on July 13, 2023.
             Slain by a gnoll
             ... wielding a +0 spear
              (4 damage)
             ... on level 2 of the Dungeon.
             The game lasted 00:00:36 (1462 turns).

qw the Shooter (Gargoyle Hexslinger)                Turns: 1462, Time: 00:00:37

Health: -1/26      AC:  6    Str: 11    XL:     4   Next: 46%
Magic:  5/5        EV: 11    Int: 14    God:
Gold:   19         SH:  0    Dex: 14    Spells: 4/5 levels left

rFire   . . .        a - +1 sling
rCold   . . .        (no shield)
rNeg    + . .        d - +0 leather armour
rPois   inf          (no helmet)
rElec   +            (no cloak)
rCorr   .            (no gloves)
SInv    .            (no boots)
Will    .....        (no amulet)
Stlth   +            (no ring)
HPRegen 0.24/turn    (no ring)
MPRegen 0.09/turn

%: no passive effects
@: no status effects
A: sickness immunity, AC +3, negative energy resistance 1, electricity
resistance, torment resistance 1, petrification resistance
a: no special abilities


You were on level 2 of the Dungeon.
You visited 1 branch of the dungeon, and saw 2 of its levels.

You collected 43 gold pieces.
You spent 24 gold pieces at shops.


Innate Abilities, Weirdness & Mutations

You are immune to sickness and miasma.
Your stone body is resilient. (AC +3)
You are immune to poison.
You resist negative energy. (rN+)
You are resistant to electric shocks. (rElec)
You are resistant to unholy torment.
You are immune to petrification.


   Skills:
 - Level 2.0 Fighting
 + Level 4.2 Ranged Weapons
 - Level 1.5 Dodging
 - Level 1.0 Spellcasting
 - Level 2.6 Hexes


You had 4 spell levels left.
You knew the following spells:

 Your Spells              Type           Power      Damage    Failure   Level
a - Slow                  Hex            32%        N/A       12%         1

Your spell library contained the following spells:

 Spells                   Type           Power      Damage    Failure   Level
 Inner Flame              Hex/Fire       4%         N/A       52%         3
 Portal Projectile        Hex/Tloc       8%         N/A       52%         3
 Cause Fear               Hex            4%         N/A       75%         4

Inventory:

Hand Weapons
 a - a +1 sling (weapon)
Armour
 d - a +0 leather armour (worn)
Scrolls
 b - 3 scrolls of identify

Dungeon Overview and Level Annotations

Branches:
Dungeon (2/15)

Altars:

Shops:
D:2 ?(:

Annotations:
D:2 exclusion: gnoll


Message History

You shoot a sling bullet. The sling bullet hits the gnoll.
The gnoll is lightly wounded.
The gnoll closely misses you.
You shoot a sling bullet. The sling bullet hits the gnoll.
The gnoll is heavily wounded.
The gnoll hits you but does no damage.
You shoot a sling bullet.
The sling bullet hits the gnoll but does no damage.
The gnoll is heavily wounded.
The gnoll hits you from afar with a +0 spear.
You shoot a sling bullet. The sling bullet hits the gnoll.
The gnoll is heavily wounded.
The gnoll closely misses you.
You shoot a sling bullet.
The sling bullet closely misses the gnoll.
The sling bullet hits the gnoll.
The gnoll is moderately wounded.
The gnoll hits you but does no damage.
You shoot a sling bullet.
The sling bullet barely misses the gnoll.
The sling bullet hits the gnoll.
The gnoll is heavily wounded.
The gnoll hits you from afar with a +0 spear.
The gnoll closely misses you.
You shoot a sling bullet.
The sling bullet barely misses the gnoll.
The sling bullet closely misses the gnoll.
The gnoll misses you.
You shoot a sling bullet.
The sling bullet closely misses the gnoll.
The sling bullet hits the gnoll.
The gnoll is almost dead.
The gnoll closely misses you.
You shoot a sling bullet.
The sling bullet closely misses the gnoll. x2
The gnoll barely misses you.
You shoot a sling bullet.
The sling bullet closely misses the gnoll. x2
The gnoll hits you from afar with a +0 spear.
You die...

# . #.##### #.# #.g...# #.#
#.####.####. ####
#gg.@....... ##..#
####...#####
#+##.#.#######......>.
#..............#.#####
##.#.#.#.#..%...<#######.
####.....#.#.#####.........
#.......##.#.# #.########
#.#####.##...# #...# #.#
#.# #....#.# #.#.# #..


You could see 2 gnolls.

Vanquished Creatures
  Natasha (D:1)
  A gnoll (D:2)
  A worm (D:1)
  4 ball pythons (D:1)
  5 bats
  8 endoplasms
  2 giant cockroaches
  2 goblins
  2 hobgoblins
  4 jackals (D:2)
  3 kobolds
  2 quokkas
  3 frilled lizards
  2 rats (D:1)
40 creatures vanquished.

Notes
Turn   | Place    | Note
-------+----------+-------------------------------------------
     0 | D:1      | qw the Gargoyle Hexslinger began the quest for the Orb.
     0 | D:1      | Reached XP level 1. HP: 12/12 MP: 2/2
     0 | D:1      | 0 ||| qw: Version: 0.3-a-52-g30416fa
     0 | D:1      | 0 ||| qw: Game counter: 7646
     0 | D:1      | 0 ||| qw: Melee chars always use a shield: true
     0 | D:1      | 0 ||| qw: God list: Okawaru
     0 | D:1      | 0 ||| qw: Allow faded altars: false
     0 | D:1      | 0 ||| qw: Do Orc after clearing Dungeon:15 true
     0 | D:1      | 0 ||| qw: Do second Lair branch before Depths: true
     0 | D:1      | 0 ||| qw: Lair rune preference: random
     0 | D:1      | 0 ||| qw: Goals: Normal
     0 | D:1      | 0 ||| PLANNING D:1-11
   113 | D:1      | Reached XP level 2. HP: 7/16 MP: 3/3
   229 | D:1      | Reached skill level 3 in Ranged Weapons
   447 | D:1      | Reached XP level 3. HP: 21/21 MP: 4/4
   447 | D:1      | Found a faded altar of an unknown god.
   789 | D:1      | 789 ||| UPGRADING to +0 leather armour.
   799 | D:1      | 799 ||| DROPPING +0 robe.
   800 | D:1      | 800 ||| DROPPING scroll of poison.
   836 | D:2      | Noticed Natasha
   843 | D:2      | 843 ||| STAIRDANCE
   850 | D:1      | HP: 1/21 [Natasha (6)]
   855 | D:1      | Killed Natasha
   948 | D:2      | Found Soas's Antique Weapon Emporium.
   950 | D:2      | Found Lussec's Magic Scroll Emporium.
   958 | D:2      | 958 ||| SHOPLISTING scroll of enchant armour (90 gold, have
                  | 27).
   958 | D:2      | 958 ||| SHOPLISTING scroll of enchant weapon (90 gold, have
                  | 27).
   958 | D:2      | 958 ||| BUYING scroll of identify (24 gold).
   958 | D:2      | Bought a scroll of identify for 24 gold pieces
   958 | D:2      | 958 ||| SHOPLISTING scroll of identify (24 gold, have 3).
   958 | D:2      | 958 ||| SHOPLISTING scroll of teleportation (36 gold, have
                  | 3).
   978 | D:2      | Reached XP level 4. HP: 26/26 MP: 5/5
  1162 | D:2      | Reached skill level 4 in Ranged Weapons
  1170 | D:2      | Found Yxigoj's Book Boutique.
  1444 | D:2      | 1444 ||| Stepping ~*~*~tactically~*~*~ (outnumbered).
  1455 | D:2      | HP: 4/26 [gnoll/+0 spear (5)]
  1462 | D:2      | Slain by a gnoll

Levels and vault maps discovered:
D:1:      roderic_chinese_lattice_arrival, layout_rooms, basic_ecumenical_altar,
          amcnicky_mini_corridor_feature, minmay_misc_feat_roman,
          roderic_lattice_a, nicolae_wormholes
D:2:      layout_loops_ring, serial_shops,
          nicolae_shop_competitors_out_of_business, nicolae_book_shop_shelving,
          nicolae_shop_rolling_square, shop, shop, uniq_natasha

Skill      XL: |  1  2  3  4 |
---------------+-------------+-----
Ranged Weapons | 3 4 |  4.2
Fighting       | 2 |  2.0
Dodging        | |  1.5
Spellcasting   | |  1.0
Hexes          | |  2.6

Action                     |  1- 3 |  4- 6 || total
---------------------------+-------+-------++-------
   Fire: Sling             |    89 |    76 ||   165
 Armour: Robe              |     2 |       ||     2
         Leather armour    |     3 |    36 ||    39
  Dodge: Dodged            |    22 |    49 ||    71

Table legend:
 A = Non-vault XP
 B = Vault XP
 C = Vault XP percentage of total XP
 D = Non-vault monster count
 E = Vault monster count
 F = Vault count percentage of total count
                 A         B        C        D         E       F
            +---------+---------+-------+---------+---------+-------
      Total |      81 |      40 |  33.1 |      38 |       2 |   5.0
            +---------+---------+-------+---------+---------+-------
        D:1 |      38 |      40 |  51.3 |      22 |       2 |   8.3
        D:2 |      43 |       0 |   0.0 |      16 |       0 |   0.0
            +---------+---------+-------+---------+---------+-------
